Map: [ESL] Ghost River

Players

SKillous

  • Race: Protoss Protoss
  • Spawn Location: 11:00

Harstem - Winner!

  • Race: Protoss Protoss
  • Spawn Location: 1:00

Event: ESL SC2 Masters 2024 Spring (Regional)

VOD

Have the link to the VOD?

Description

Time

  • Played on: May 2, 2024, 10:13 a.m.
  • Length: 11:45

All games in this series

Show
View Real Time Build Order
Export as new Build Order

SKillous Protoss 

Build Orders:  

Get SALT Encoding   

  12  0:00  Probe  
  13  0:12  Probe  
  14  0:18  Pylon  
  14  0:25  Probe (Chrono Boost)  
  15  0:37  Probe (Chrono Boost)  
  15  0:39  Gateway  
  16  0:44  Probe (Chrono Boost)  
  16  0:45  Assimilator  
  17  0:51  Probe (Chrono Boost)  
  17  0:53  Assimilator  
  18  1:03  Probe (Chrono Boost)  
  19  1:06  Gateway  
  19  1:12  Probe (Chrono Boost)  
  19  1:18  Probe  
  21  1:25  Cybernetics Core  
  21  1:30  Probe  
  22  1:34  Pylon  
  22  1:42  Probe  
  24  1:54  Probe  
  24  2:01  Adept  
  24  2:02  Adept  
  24  2:03  Warp Gate  
  24  2:06  Pylon  
  28  2:14  Robotics Facility  
  28  2:28  Pylon  
  28  2:31  Stalker  
  28  2:33  Stalker  
  32  2:48  Gateway  
  32  2:58  Immortal (Chrono Boost)  
  32  3:05  Pylon  
  36  3:06  Sentry  
  36  3:27  Warp Prism (Chrono Boost)  
  38  3:46  Pylon  
  38  3:50  Sentry  
  38  3:51  Sentry, Stalker  
  44  4:23  Adept x3  
  46  4:43  Sentry  
  46  4:44  Sentry, Adept  
  52  4:49  Probe  
  52  4:51  Nexus  
  53  5:01  Probe  
  54  5:11  Sentry  
  54  5:12  Adept  
  54  5:15  Probe  
  54  5:17  Pylon  
  55  5:27  Probe  
  48  5:37  Adept x3  
  48  5:40  Shield Battery  
  52  5:43  Probe  
  52  5:48  Immortal (Chrono Boost)  
  57  5:57  Probe  
  57  6:02  Adept  
  57  6:04  Probe  
  61  6:06  Sentry  
  61  6:09  Probe  
  64  6:22  Immortal  
  68  6:31  Probe  
  70  6:32  Probe  
  70  6:33  Pylon  
  70  6:38  Shield Battery  
  70  6:41  Pylon  
  70  6:44  Probe  
  65  6:52  Probe  
  60  6:59  Sentry, Probe  
  60  7:00  Zealot, Sentry  
  65  7:04  Probe  
  66  7:11  Probe  
  67  7:16  Probe  
  68  7:23  Probe  
  68  7:28  Probe  
  68  7:29  Stalker x2  
  73  7:35  Probe  
  74  7:40  Probe (Chrono Boost)  
  74  7:41  Pylon  
  74  7:42  Observer  
  75  7:48  Probe (Chrono Boost)  
  77  7:53  Probe (Chrono Boost)  
  77  7:57  Adept x3  
  77  7:58  Probe (Chrono Boost)  
  85  8:03  Pylon  
  87  8:15  Pylon  
  87  8:17  Stalker x3  
  87  8:18  Probe x2  
  91  8:24  Assimilator  
  91  8:28  Assimilator  
  89  8:38  Probe  
  89  8:39  Probe  
  87  8:43  Twilight Council  
  87  8:44  Adept x2  
  87  8:46  Forge  
  87  8:47  Zealot  
  91  8:56  Observer  
  79  9:03  Immortal (Chrono Boost)  
  83  9:14  Gateway  
  83  9:16  Gateway  
  83  9:17  Resonating Glaives (Chrono Boost)  
  83  9:19  Protoss Ground Weapons Level 1  
  83  9:32  Immortal (Chrono Boost)  
  83  9:34  Adept  
  89  9:41  Sentry, Adept  
  89  9:44  Shield Battery  
  93  9:50  Shield Battery  
  93  9:55  Adept  
  95  10:03  Gateway  
  95  10:07  Adept x2  
  99  10:14  Observer  
  99  10:16  Adept x2  
  103  10:23  Templar Archives  
  103  10:24  Adept  
  105  10:31  Adept  
  105  10:32  Adept  
  109  10:37  Adept  
  111  10:48  Stalker  
  110  11:07  Pylon  
  96  11:19  Adept x4  
  96  11:20  Adept x2  
Show
View Real Time Build Order
Export as new Build Order

Harstem Protoss - Winner!

Build Orders: Phoenix Opening 

Get SALT Encoding   

  12  0:00  Probe  
  13  0:12  Probe  
  14  0:16  Pylon  
  14  0:24  Probe (Chrono Boost)  
  15  0:35  Gateway  
  15  0:36  Probe (Chrono Boost)  
  16  0:44  Probe (Chrono Boost)  
  16  0:45  Assimilator  
  17  0:51  Probe  
  17  0:53  Assimilator  
  18  1:03  Probe (Chrono Boost)  
  19  1:06  Gateway  
  20  1:12  Probe (Chrono Boost)  
  20  1:17  Probe (Chrono Boost)  
  20  1:22  Cybernetics Core  
  21  1:29  Probe  
  21  1:31  Pylon  
  22  1:41  Probe  
  23  1:53  Probe  
  24  1:56  Warp Gate (Chrono Boost)  
  24  1:58  Stalker  
  28  2:05  Probe  
  28  2:07  Sentry  
  29  2:10  Pylon  
  29  2:17  Probe  
  30  2:28  Sentry  
  30  2:29  Pylon  
  32  2:36  Stalker  
  34  2:42  Phoenix  
  34  2:45  Nexus  
  34  2:48  Probe  
  35  2:55  Stalker  
  37  3:02  Pylon  
  37  3:06  Sentry  
  39  3:20  Probe  
  39  3:26  Shield Battery  
  40  3:32  Probe  
  41  3:35  Robotics Facility  
  41  3:38  Adept x2  
  45  3:43  Shield Battery  
  45  3:44  Probe  
  46  3:49  Pylon  
  46  3:56  Probe  
  46  4:01  Sentry, Stalker  
  46  4:02  Probe  
  52  4:12  Probe  
  52  4:14  Shield Battery  
  49  4:24  Immortal (Chrono Boost)  
  49  4:30  Adept  
  51  4:32  Adept  
  51  4:38  Shield Battery  
  51  4:42  Shield Battery  
  51  4:50  Pylon  
  51  4:55  Adept  
  51  4:56  Adept  
  56  5:07  Probe  
  56  5:09  Immortal (Chrono Boost)  
  60  5:17  Sentry  
  62  5:29  Adept  
  62  5:30  Probe  
  62  5:32  Probe  
  62  5:33  Pylon  
  66  5:38  Warp Prism (Chrono Boost)  
  66  5:42  Probe  
  69  5:46  Probe  
  70  5:53  Pylon  
  70  5:54  Probe  
  71  6:03  Sentry  
  71  6:04  Adept  
  75  6:05  Forge  
  75  6:07  Probe  
  75  6:08  Pylon  
  75  6:12  Twilight Council  
  74  6:21  Probe  
  74  6:25  Adept  
  74  6:28  Adept  
  74  6:32  Probe  
  74  6:45  Stalker  
  74  6:46  Stalker  
  78  6:53  Probe  
  67  6:55  Probe  
  67  6:58  Assimilator  
  67  6:59  Protoss Ground Weapons Level 1 (Chrono Boost)  
  66  7:02  Assimilator  
  66  7:06  Probe  
  66  7:07  Probe  
  67  7:11  Phoenix  
  67  7:18  Probe  
  67  7:19  Zealot x2, Probe  
  73  7:24  Pylon  
  73  7:28  Charge (Chrono Boost)  
  73  7:30  Probe  
  73  7:31  Probe  
  75  7:42  Probe  
  75  7:43  Probe  
  77  7:46  Gateway  
  77  7:49  Gateway  
  77  7:54  Zealot, Probe  
  77  7:55  Probe  
  81  7:59  Templar Archives  
  81  8:02  Gateway  
  81  8:03  Sentry  
  84  8:13  Pylon  
  84  8:18  Zealot  
  85  8:21  Gateway  
  76  8:34  Zealot  
  76  8:36  Immortal (Chrono Boost)  
  82  8:42  Pylon, High Templar  
  82  8:43  High Templar  
  82  8:46  Zealot  
  82  8:47  Archon  
  88  8:50  Pylon  
  86  8:57  Zealot x2  
  84  9:16  Zealot  
  86  9:17  Zealot, High Templar x2  
  86  9:18  Zealot x2  
  96  9:26  Pylon  
  96  9:28  Archon  
  96  9:42  Zealot, High Templar x2  
  102  9:46  Archon  
  102  9:50  Nexus  
  102  9:51  Zealot x2  
  106  9:53  Zealot  
  106  9:59  Phoenix  
  108  10:02  Pylon  
  108  10:08  Pylon  
  108  10:17  High Templar x2  
  108  10:21  Archon  
  112  10:24  Observer (Chrono Boost)  
  112  10:26  Zealot x2  
  117  10:29  Probe  
  117  10:32  Shield Battery  
  118  10:36  Probe  
  118  10:41  Probe  
  120  10:47  High Templar x2  
  120  10:48  Zealot x2, Probe  
  129  10:54  Archon  
  129  10:55  Shield Battery  
  129  10:56  Zealot  
  131  10:59  Zealot  
  131  11:00  Probe  
  134  11:05  Probe x2  
  122  11:22  Zealot x2, High Templar x2  
  124  11:26  Archon  
  124  11:27  Zealot x2  
Tags
 
Add a new tag
Caveats
  • Supply blocks, unpowered buildings, or Contaminate may cause inaccurate times.
  • Supply counts are checked every 10 seconds.